 Dungeon Crawl Stone Soup version 0.29-a0-925-g0a7a3d12f8 (webtiles) character file.

Game seed: 11885478784401367361

177124 reriks the Imperceptible (level 17, -23/103 HPs)
             Began as a Spriggan Hunter on July 28, 2022.
             Was an Initiate of Gozag.
             Killed from afar by an ironbound frostheart (49 damage)
             ... by creeping frost
             ... on level 1 of the Vaults on July 29, 2022.
             The game lasted 01:12:21 (70074 turns).

reriks the Imperceptible (Spriggan Hunter)         Turns: 70074, Time: 01:12:22

Health: -23/103    AC:  8    Str: 13    XL:     17   Next: 25%
Magic:  18/18      EV: 48    Int: 11    God:    Gozag
Gold:   7103       SH:  5    Dex: 35    Spells: 16/16 levels left

rFire   . . .      SeeInvis +   I - +5 shortbow of Haotagid {freeze, Str+6 Dex+5}
rCold   . . .      Faith    .   (shield currently unavailable)
rNeg    . . .      Spirit   .   k - +2 robe {Will+}
rPois   +          Reflect  +   J - +1 hat of Durykh {Harm rPois rCorr Dex+4}
rElec   .          Harm     +   K - +2 cloak {Will+}
rCorr   +          Rampage  .   (gloves unavailable)
Will    ++++.                   (boots unavailable)
Stlth   +++++++++.              w - amulet of reflection
HPRegen 0.27/turn               R - ring of flight
MPRegen 0.16/turn               H - +4 ring of evasion

@: frozen, flying, quick
A: very small, no large weapons, unfitting armour, see invisible, speed 3
}: 1/15 runes: decaying
a: Renounce Religion, Potion Petition, Call Merchant, Bribe Branch


You were on level 1 of the Vaults.
You worshipped Gozag.
Gozag was greatly pleased with you.
You visited 8 branches of the dungeon, and saw 31 of its levels.

You collected 10316 gold pieces.
You spent 3140 gold pieces at shops.
You paid 73 gold pieces to Gozag.

Inventory:

Hand Weapons
 I - the +5 shortbow of Haotagid (weapon) {freeze, Str+6 Dex+5}
   (You bought it in a shop on level 9 of the Dungeon)

   Any ammunition fired from it freezes those it strikes, dealing additional
   cold damage.
   It can also slow down cold-blooded creatures.
   Str:       It affects your strength (+6).
   Dex:       It affects your dexterity (+5).
 Q - a +0 arbalest of venom
Armour
 k - a +2 robe of willpower (worn)
 C - a +0 buckler of reflection
 J - the +1 hat of Durykh (worn) {Harm rPois rCorr Dex+4}
   (You bought it in a shop on level 2 of the Orcish Mines)

   Dex:       It affects your dexterity (+4).
   rPois:     It protects you from poison.
   rCorr:     It protects you from acid and corrosion.
   Harm:      It increases damage dealt and taken.
 K - a +2 cloak of willpower (worn)
 S - a +1 robe of cold resistance
Jewellery
 i - a +6 ring of strength
 s - an amulet of guardian spirit
 u - a ring of protection from fire
 w - an amulet of reflection (around neck)
 F - a ring of protection from cold
 H - a +4 ring of evasion (right hand)
 R - a ring of flight (left hand)
 Y - a +4 ring of protection
Wands
 c - a wand of charming (6)
 n - a wand of polymorph (7)
 r - a wand of mindburst (4)
 D - a wand of flame (8)
Scrolls
 b - 7 scrolls of identify
 d - 3 scrolls of enchant armour
 m - 9 scrolls of teleportation
 q - 7 scrolls of blinking
 v - 7 scrolls of butterflies
 y - 5 scrolls of enchant weapon
 A - 3 scrolls of amnesia
 B - 2 scrolls of poison
 E - 5 scrolls of magic mapping
 L - 2 scrolls of silence
 M - a scroll of noise
 N - 8 scrolls of fear
 U - 6 scrolls of summoning
Potions
 a - a potion of berserk rage
 e - 9 potions of attraction
 f - 5 potions of haste
 g - 2 potions of invisibility
 h - 7 potions of flight
 j - 11 potions of curing
 l - 5 potions of degeneration
 o - 4 potions of magic {unknown}
 p - 8 potions of brilliance
 t - 3 potions of mutation {unknown}
 x - 5 potions of cancellation {unknown}
 z - 3 potions of might
 G - 2 potions of lignification {unknown}
 V - 7 potions of heal wounds
 W - 2 potions of ambrosia {unknown}


   Skills:
 * Level 17.5 Fighting
 + Level 15.4 Ranged Weapons
 + Level 6.5 Armour
 + Level 16.4 Dodging
 * Level 22.4 Stealth


You had 16 spell levels left.
You didn't know any spells.
Your spell library contained the following spells:

 Spells                   Type           Power      Damage    Failure   Level
 Beastly Appendage        Tmut           0%         N/A       34%         1
 Foxfire                  Conj/Fire      0%         2x1d4     34%         1
 Call Imp                 Summ           0%         N/A       47%         2
 Ensorcelled Hibernation  Hex/Ice        0%         N/A       47%         2
 Sublimation of Blood     Necr           0%         N/A       47%         2
 Wereblood                Tmut           0%         N/A       47%         2
 Conjure Flame            Conj/Fire      0%         6-21      71%         3
 Gell's Gravitas          Tloc           0%         N/A       71%         3
 Inner Flame              Hex/Fire       0%         N/A       71%         3
 Lesser Beckoning         Tloc           0%         N/A       71%         3
 Ozocubu's Armour         Ice            0%         N/A       71%         3
 Portal Projectile        Hex/Tloc       0%         N/A       71%         3
 Spider Form              Tmut/Pois      0%         N/A       71%         3
 Summon Guardian Golem    Hex/Summ       0%         N/A       71%         3
 Teleport Other           Tloc           0%         N/A       71%         3
 Tukima's Dance           Hex            0%         N/A       71%         3
 Anguish                  Hex/Necr       0%         N/A       98%         4
 Animate Armour           Summ/Erth      0%         N/A       98%         4
 Flame Wave               Conj/Fire      0%         2d4       98%         4
 Hailstorm                Conj/Ice       0%         3d3       98%         4
 Ice Form                 Ice/Tmut       0%         N/A       98%         4
 Petrify                  Tmut/Erth      0%         N/A       98%         4
 Summon Ice Beast         Ice/Summ       0%         N/A       98%         4
 Blade Hands              Tmut           0%         N/A       100%        5
 Irradiate                Conj/Tmut      0%         3d11      100%        5
 Metabolic Englaciation   Hex/Ice        0%         N/A       100%        5
 Summon Forest            Summ/Tloc      0%         N/A       100%        5
 Summon Mana Viper        Hex/Summ       0%         N/A       100%        5
 Summon Cactus Giant      Summ           0%         N/A       100%        6
 Orb of Destruction       Conj           0%         9d5       100%        7
 Spellforged Servitor     Conj/Summ      0%         N/A       100%        7
 Maxwell's Capacitive Co  Air            0%         ∞         100%        8
 Chain Lightning          Conj/Air       0%         N/A       100%        9
 Fire Storm               Conj/Fire      0%         5d1       100%        9
 Shatter                  Erth           0%         3d5*      100%        9
 Simulacrum               Ice/Necr       Unusable   N/A       N/A         6

Dungeon Overview and Level Annotations

Branches:
Dungeon (14/15)            Temple (1/1) D:4            Lair (5/5) D:10
  Swamp (4/4) Lair:3       Spider (3/4) Lair:3        Slime (0/5) Lair:5
    Orc (2/2) D:9             Elf (1/3) Orc:2        Vaults (1/5) D:14

Altars:
Ashenzari
Cheibriados
Dithmenos
Elyvilon
Fedhas
Gozag
Hepliaklqana
Kikubaaqudgha
Makhleb
Nemelex Xobeh
Okawaru
Qazlal
Ru
Sif Muna
Trog
Uskayaw
Vehumet
Wu Jian
Xom
Yredelemnul
Zin
The Shining One
Jiyva

Shops:
D:6 [(   D:9 [(   Orc:2 [(*(:

Annotations:
D:3 Duvessa
Lair:1 3 runed translucent doors, Wiejup's ghost, journeyman DjVM
Spider:3 Arachne


Innate Abilities, Weirdness & Mutations

You are very small and have problems with some larger weapons.
You are too small for most types of armour.
You have supernaturally acute eyesight. (SInv)
You cover ground extremely quickly. (Speed+++)


Message History

Anything else - Cancel.
You shout for attention!
You hear a shout! x2
You start waiting.
Something unseen opens the door.
No target in view!
You start waiting.
An ironbound frostheart is nearby!
You shoot an arrow.
The arrow hits the ironbound frostheart.
The ironbound frostheart is lightly wounded.
You shoot an arrow.
The arrow hits the ironbound frostheart!
The arrow freezes the ironbound frostheart.
The ironbound frostheart is moderately wounded.
You shoot an arrow.
The arrow hits the ironbound frostheart.
The ironbound frostheart is moderately wounded.
You hear a shout!
You shoot an arrow.
The arrow closely misses the ironbound frostheart.
The ironbound frostheart completely misses you.
The ironbound frostheart calls freezing cold from the walls.
The frost grips you!!
You are encased in ice.
The ironbound convoker points at the ironbound frostheart and mumbles some strange words.
The ironbound frostheart seems to grow stronger.
There is an open door, spattered with blood here.
Things that are here:
a +0 flail; a +0 scale mail The ironbound frostheart calls freezing cold from the walls.
The frost grips you!! The ice encasing you melts away.
The ironbound frostheart calls freezing cold from the walls.
The frost grips you!
* * * LOW HITPOINT WARNING * * *
You are encased in ice.
The ironbound frostheart calls freezing cold from the walls.
The frost grips you!!!
You die...
Your body crumbles into a pile of gold.

$ #### ...# ...# ...#####
.......# .......#
################## .......#
#.....@...'......+
####...####.........'......#
.pp#......#.........#..∩...#
...#.....p).........#......#
>..#..p...#.........#......#
...'#################......#
...# ######## ...# ...#


You could see an ironbound frostheart (strong).

Vanquished Creatures
  Rupert (Lair:3)
  A tentacled monstrosity (Swamp:1)
  A sphinx (D:14)
  A frost giant (D:14)
  2 orc warlords
  2 ghouls (Swamp:4)
  8 eleionomae
  An entropy weaver (Spider:2)
  5 bunyips
  Snorg (D:14)
  Josephine (Lair:4)
  A shambling mangrove (Swamp:1)
  A yaktaur captain (D:14)
  9 hydras
  Fannar (Lair:2)
  9 boulder beetles
  A radroach (Spider:3)
  2 jorogumos
  4 centaur warriors
  An ogre mage (D:14)
  3 catoblepae (Lair:5)
  5 two-headed ogres
  4 ghost crabs
  A death knight (D:13)
  9 alligators
  4 tengu warriors
  8 death yaks
  2 orc high priests
  Urug (Lair:3)
  4 spriggans
  Amaemon (Lair:2)
  3 goliath frogs
  A pharaoh ant (Spider:1)
  2 sun moths
  A death drake (Swamp:4)
  Lodul (D:11)
  3 skeletal warriors (D:14)
  3 steelbarb worms
  A spriggan druid (Swamp:1)
  5 orb spiders
  6 swamp dragons
  2 phantasmal warriors
  3 orc knights
  11 bog bodies
  13 wolf spiders
  An ironbound convoker (Vaults:1)
  A lindwurm (Vaults:1)
  3 spectral hydras (Swamp:4)
  3 deep elf pyromancers
  A necromancer (D:14)
  An oklob plant (Lair:5)
  4 orc sorcerers
  8 cyclopes
  14 ugly things
  2 manticores (Lair:5)
  8 will-o-the-wisps
  19 elephants
  2 moths of wrath
  Maurice (Orc:1)
  A black mamba (Lair:4)
  2 torpor snails (Spider:1)
  3 unseen horrors
  A gargoyle (D:12)
  An orange demon (Lair:2)
  Psyche (D:9)
  8 cane toads
  2 komodo dragons
  A kobold demonologist (D:11)
  3 rime drakes
  A demonic crawler (Spider:2)
  An efreet (D:14)
  A freezing wraith (D:14)
  3 swamp worm zombies (Swamp:4)
  7 trolls
  5 tyrant leeches
  6 bloated husks
  6 meliai
  27 blink frogs
  A hornet (shapeshifter) (D:14)
  Grinder (D:4)
  A meliai (shapeshifter) (D:14)
  12 tarantellas
  6 hornets
  3 hydra zombies (Swamp:4)
  Prince Ribbit (D:5)
  2 slime creatures (D:14)
  6 alligator zombies (Swamp:4)
  4 dream sheep (Lair:4)
  5 spectral swamp dragons (Swamp:4)
  11 jumping spiders
  A centaur simulacrum (D:14)
  8 culicivoras
  4 wyverns
  A water elemental (D:14)
  28 yaks
  2 basilisks
  7 wraiths
  Edmund (D:6)
  18 redbacks
  9 vampire mosquitoes
  4 wargs
  8 water moccasins
  12 swamp worms
  An acid dragon (D:10)
  3 black bears
  39 orc warriors
  2 swamp drakes
  2 ice beasts
  4 swamp dragon zombies (Swamp:4)
  11 wolves
  12 ogres
  6 centaurs
  A kobold brigand (D:7)
  9 phantoms
  7 bullfrogs
  Blork the orc (D:6)
  2 scorpions (D:6)
  A necrophage (D:8)
  14 wights
  5 killer bees (D:11)
  Dowan (D:4)
  8 howler monkeys
  2 vampire bats (D:7)
  3 troll skeletons (Swamp:2)
  7 electric eels
  2 jellies (D:7)
  23 orc priests
  A gnoll bouda (D:6)
  5 hounds
  22 orc wizards
  5 iguanas
  Robin (D:4)
  8 gnolls
  4 adders
  A white imp (D:6)
  An ufetubus (D:5)
  4 dart slugs
  102 orcs
  2 bat skeletons (D:7)
  5 bat zombies (D:7)
  7 endoplasms
  12 giant cockroaches
  11 goblins
  3 hobgoblins
  4 jackals (D:5)
  2 quokkas
  9 ball pythons
  6 bats
  3 frilled lizards
  3 kobolds
  8 rats
849 creatures vanquished.

Vanquished Creatures (others)
  A swamp worm (Swamp:4)
  16 foxfires
  22 fungi
  62 plants
101 creatures vanquished.

Grand Total: 950 creatures vanquished

Notes
Turn   | Place    | Note
-------+----------+-------------------------------------------
     0 | D:1      | reriks the Spriggan Hunter began the quest for the Orb.
     0 | D:1      | Reached XP level 1. HP: 10/10 MP: 2/2
    43 | D:1      | Reached skill level 2 in Stealth
    93 | D:1      | Reached XP level 2. HP: 15/15 MP: 3/3
   357 | D:1      | Found a faded altar of an unknown god.
   544 | D:2      | Noticed a black bear
   572 | D:2      | Killed a black bear
   573 | D:2      | Reached skill level 3 in Stealth
   573 | D:2      | Reached XP level 3. HP: 19/19 MP: 4/4
   573 | D:2      | Reached XP level 4. HP: 23/23 MP: 5/5
  1167 | D:2      | Reached skill level 4 in Stealth
  1454 | D:3      | Got the Vellum of the Birds and the Legion
  1628 | D:3      | Reached XP level 5. HP: 27/27 MP: 6/6
  2539 | D:3      | Found a burning altar of Makhleb.
  2539 | D:3      | Noticed a balrug
  2561 | D:3      | Noticed a smoke demon
  2561 | D:3      | Noticed a neqoxec
  2688 | D:4      | Noticed Duvessa
  2689 | D:4      | Noticed Dowan
  2930 | D:4      | Found a staircase to the Ecumenical Temple.
  2941 | Temple   | Entered the Ecumenical Temple
  3036 | Temple   | Became a worshipper of Gozag Ym Sagoz the Greedy
  3211 | D:4      | Killed Dowan
  3464 | D:4      | Noticed Robin
  3503 | D:4      | Killed Robin
  3504 | D:4      | Reached skill level 5 in Ranged Weapons
  3526 | D:4      | Reached XP level 6. HP: 32/32 MP: 7/7
  4040 | D:4      | Reached skill level 5 in Stealth
  4185 | D:4      | Noticed Grinder
  4217 | D:4      | Killed Grinder
  4218 | D:4      | Reached skill level 5 in Dodging
  4480 | D:5      | Entered Level 5 of the Dungeon
  4511 | D:4      | Reached XP level 7. HP: 36/36 MP: 8/8
  4571 | D:5      | Noticed Prince Ribbit
  4632 | D:5      | Reached skill level 6 in Stealth
  6418 | D:5      | Killed Prince Ribbit
  6419 | D:5      | Reached skill level 7 in Stealth
  6911 | D:6      | Found a shadowy altar of Dithmenos.
  6951 | D:6      | Reached XP level 8. HP: 42/42 MP: 9/9
  6960 | D:6      | Noticed Edmund
  7122 | D:6      | Killed Edmund
  7428 | D:6      | Found Reph's Weapon Emporium.
  7436 | D:6      | Bought a +0 vorpal shortbow for 78 gold pieces
  7609 | D:6      | Noticed Blork the orc
  7629 | D:6      | Killed Blork the orc
  7630 | D:6      | Reached skill level 8 in Stealth
  8104 | D:6      | Found Sixtaty's Antique Armour Shop.
  9358 | D:7      | Reached XP level 9. HP: 46/46 MP: 10/10
  9372 | D:7      | Reached skill level 9 in Stealth
 10108 | D:7      | Reached skill level 5 in Fighting
 11097 | D:7      | Found an ancient bone altar of Kikubaaqudgha.
 11350 | D:6      | Bought a shiny buckler for 180 gold pieces
 11350 | D:6      | Bought a hat for 96 gold pieces
 11516 | D:8      | Reached skill level 10 in Stealth
 12476 | D:8      | Reached XP level 10. HP: 53/53 MP: 11/11
 13003 | D:9      | Found Peesmuwk's Armour Shop.
 13003 | D:9      | Found a staircase to the Orcish Mines.
 13005 | D:9      | Found Amolonups's Weapon Shop.
 13698 | D:9      | Reached skill level 11 in Stealth
 13732 | D:9      | Reached skill level 10 in Ranged Weapons
 14084 | D:9      | Noticed a two-headed ogre
 14114 | D:9      | Killed a two-headed ogre
 14115 | D:9      | Reached skill level 10 in Dodging
 14787 | D:9      | Noticed Psyche
 15126 | D:9      | Killed Psyche
 15127 | D:9      | Reached skill level 12 in Stealth
 15394 | D:9      | Found a broken altar of Ashenzari.
 15488 | D:9      | Bought the +5 shortbow of Haotagid {freeze, Str+6 Dex+5}
                  | for 1028 gold pieces
 15492 | Orc:1    | Entered Level 1 of the Orcish Mines
 15500 | Orc:1    | Noticed an orc warlord
 15975 | D:9      | Killed an orc warlord
 15976 | D:9      | Reached XP level 11. HP: 58/58 MP: 12/12
 16116 | Orc:1    | Noticed Maurice
 16173 | Orc:1    | Noticed an orc sorcerer
 16282 | Orc:1    | Noticed a sixfirhy
 16759 | Orc:1    | Killed Maurice
 16907 | Orc:1    | Noticed a sun demon
 16908 | Orc:1    | Noticed a sixfirhy
 16910 | D:9      | Killed an orc sorcerer
 17111 | Orc:1    | Noticed an orc knight
 17347 | D:9      | Killed an orc knight
 17615 | Orc:1    | Noticed an orc sorcerer
 17840 | Orc:1    | Killed an orc sorcerer
 17841 | Orc:1    | Reached skill level 13 in Stealth
 18168 | Orc:1    | Noticed an orc sorcerer
 18171 | Orc:1    | Noticed a two-headed ogre
 18332 | Orc:1    | Killed an orc sorcerer
 18343 | Orc:1    | Killed a two-headed ogre
 18790 | Orc:2    | Entered Level 2 of the Orcish Mines
 18790 | Orc:2    | Found Uxzuskaz's Self-Improvement Boutique.
 19081 | Orc:2    | Noticed a two-headed ogre
 19087 | Orc:2    | Killed a two-headed ogre
 20234 | Orc:2    | Noticed an orc knight
 20259 | Orc:2    | Killed an orc knight
 20268 | Orc:2    | Noticed an orc high priest
 20290 | Orc:2    | Noticed an orc sorcerer
 20312 | Orc:1    | Killed an orc high priest
 20539 | Orc:2    | Killed an orc sorcerer
 20540 | Orc:2    | Reached skill level 14 in Stealth
 20540 | Orc:2    | Reached XP level 12. HP: 64/64 MP: 13/13
 20886 | Orc:2    | Bought a manual of Fighting for 1040 gold pieces
 20962 | Orc:2    | Found a staircase to the Elven Halls.
 21291 | Orc:2    | Found Redopon's Assorted Antiques.
 21297 | Orc:2    | Bought a scroll of identify for 62 gold pieces
 21297 | Orc:2    | Bought a scroll of identify for 62 gold pieces
 21481 | Orc:2    | Noticed an orc warlord
 21522 | Orc:2    | Killed an orc warlord
 21658 | Orc:2    | Noticed an orc high priest
 21702 | Orc:2    | Killed an orc high priest
 22350 | Orc:2    | Found Meclod's Antique Weapon Shoppe.
 22354 | Orc:2    | Found Bigoir's Antique Armour Emporium.
 22370 | Orc:2    | Bought a shimmering hat for 324 gold pieces
 22370 | Orc:2    | Identified the +1 hat of Durykh {Harm rPois rCorr Dex+4}
                  | (You bought it in a shop on level 2 of the Orcish Mines)
 22370 | Orc:2    | Bought an embroidered cloak for 270 gold pieces
 23470 | Orc:2    | Found Liosol's Weapon Boutique.
 23620 | D:10     | Entered Level 10 of the Dungeon
 23646 | D:10     | Reached skill level 10 in Fighting
 23767 | D:10     | Identified the +7 war axe "Safisor" {venom, Str-2 Int+6}
 24378 | D:10     | Found a staircase to the Lair.
 24448 | D:10     | Found a glowing golden altar of the Shining One.
 24672 | Lair:1   | Entered Level 1 of the Lair of Beasts
 25051 | Lair:1   | Identified the +7 chain mail of Repeashre {Harm +Blink
                  | rElec rN+}
 25076 | Lair:1   | Found a glowing golden altar of the Shining One.
 25249 | Lair:1   | Found a runed translucent gate.
 25249 | Lair:1   | Found a runed translucent gate.
 25249 | Lair:1   | Found a runed translucent gate.
 25252 | Lair:1   | Noticed Wiejup's ghost (journeyman DjVM)
 25254 | Lair:1   | Found a viscous altar of Jiyva.
 25780 | Lair:2   | Noticed a boulder beetle
 25810 | Lair:2   | Killed a boulder beetle
 25925 | Lair:2   | Noticed Amaemon
 25939 | Lair:2   | Killed Amaemon
 26625 | Lair:2   | Noticed Fannar
 26643 | Lair:2   | Killed Fannar
 27446 | Lair:3   | Reached XP level 13. HP: 77/77 MP: 14/14
 27894 | Lair:3   | Found a staircase to the Swamp.
 27986 | Lair:3   | Noticed Rupert
 28010 | Lair:3   | Killed Rupert
 28031 | Lair:3   | Noticed Urug
 28075 | Lair:3   | Killed Urug
 28911 | Lair:3   | Found a hole to the Spider Nest.
 30018 | Lair:4   | Reached skill level 1 in Armour
 30075 | Lair:4   | Noticed Josephine
 30112 | Lair:4   | Killed Josephine
 30113 | Lair:4   | Reached skill level 15 in Stealth
 31024 | Lair:5   | Entered Level 5 of the Lair of Beasts
 31093 | Lair:5   | Reached skill level 15 in Fighting
 31725 | Lair:5   | Identified the +8 hand axe of the Holding Gods {flame,
                  | rPois}
 31770 | Lair:5   | Reached XP level 14. HP: 86/86 MP: 15/15
 32379 | Lair:5   | Reached skill level 16 in Stealth
 32500 | Lair:5   | Found a staircase to the Slime Pits.
 32500 | Lair:5   | Found a viscous altar of Jiyva.
 34181 | Spider:1 | Entered Level 1 of the Spider Nest
 35482 | Lair:3   | HP: 2/86 [barbs]
 35903 | Lair:3   | Reached skill level 17 in Stealth
 39426 | Swamp:1  | Entered Level 1 of the Swamp
 39959 | Swamp:1  | Noticed a tentacled monstrosity
 39966 | Swamp:1  | Killed a tentacled monstrosity
 39967 | Swamp:1  | Reached skill level 18 in Stealth
 39967 | Swamp:1  | Reached XP level 15. HP: 91/91 MP: 16/16
 45199 | Swamp:2  | Reached skill level 19 in Stealth
 48111 | Swamp:3  | Reached skill level 15 in Dodging
 49533 | Swamp:4  | Entered Level 4 of the Swamp
 49537 | Swamp:4  | Reached skill level 5 in Armour
 50323 | Swamp:4  | Reached skill level 20 in Stealth
 50946 | Swamp:4  | Reached XP level 16. HP: 94/97 MP: 17/17
 56419 | Swamp:4  | Noticed a bone dragon
 56480 | Swamp:4  | Got a decaying rune of Zot
 56839 | Elf:1    | Entered Level 1 of the Elven Halls
 57288 | D:11     | Noticed Lodul
 57295 | D:11     | Killed Lodul
 59617 | D:12     | Found a blossoming altar of Fedhas.
 59993 | D:13     | Reached skill level 21 in Stealth
 60818 | D:13     | Reached skill level 15 in Ranged Weapons
 61463 | D:14     | Noticed Snorg
 61495 | D:14     | Identified the +4 flail of Dismay {venom, rPois rN+ Dex+5}
 61920 | D:14     | Found an ornate altar of the Wu Jian Council.
 64518 | D:14     | Noticed a sphinx
 64688 | D:14     | Killed a sphinx
 65506 | D:14     | Killed Snorg
 65912 | D:14     | Reached XP level 17. HP: 102/102 MP: 18/18
 66235 | D:14     | Reached skill level 22 in Stealth
 66617 | D:14     | Found a gate to the Vaults.
 69126 | Spider:3 | Noticed Arachne
 69771 | Vaults:1 | Entered Level 1 of the Vaults
 70074 | Vaults:1 | Killed from afar by an ironbound frostheart

Illustrated notes

Levels and vault maps discovered:
D:1:      zaba_arrival_water, layout_basic,
          shapermc_ecumenical_altar_flowoftime, minmay_statues_item, st_stairs_2
D:2:      layout_basic
D:3:      minmay_roachtagon, layout_loops_corners, makhleb_altar_promises_db
D:4:      layout_loops_ring, minmay_temple_entry_large_hall, uniq_robin,
          uniq_duvessa, uniq_grinder
D:5:      layout_rooms, serial_bayou_pond_c, uniq_prince_ribbit1
D:6:      layout_gridville, grunt_dithmenos_shadows, serial_shops,
          nicolae_take_the_stairs, nicolae_shop_bloodbath_and_beyond,
          uniq_edmund, uniq_blork_the_orc
D:7:      layout_loops_ring, kennysheep_vampire_church,
          kennysheep_generic_room_3
D:8:      layout_cave_pools, uniq_maggie
D:9:      layout_cave_pods, kennysheep_mini, orc_david_3, minmay_misc_feat_five,
          nicolae_wwwww, uniq_psyche
D:10:     layout_irregular_city, tso_altar, lair_entry_dummy,
          serial_column_ruins, column_ruins_open_small, column_ruins_grid_2,
          column_ruins_columns_straight, column_ruins_grid_1,
          column_ruins_grid_3, column_ruins_grid_1
D:11:     layout_small_grid, uniq_lodul
D:12:     layout_loops_ring, fedhas_altar_fruit_tree
D:13:     layout_loops_cross, chequers_serial_rivers_micro_d
D:14:     lemuel_traditional_vault, layout_gridville, david_vaults_1,
          nzn_wu_jian_council_hall, uniq_snorg
Temple:   nicolae_temple_bog_church
Lair:1:   layout_cave_pods, gammafunk_ghost_ooze, basic_altar
Lair:2:   layout_hall_layers, serial_bayou_shore_b, uniq_amaemon, uniq_fannar
Lair:3:   layout_cellular_growth, minmay_swamp_entry_eels, spider_nest_entry_a,
          lemuel_fruit_tree, uniq_urug, uniq_rupert
Lair:4:   layout_gridlike, uniq_josephine
Lair:5:   evilmike_catoblepas_cave, layout_gridlike, slime_entry_1,
          minivault_25, fungi_pond_lemuel, serial_bayou_shore_a
Swamp:1:  nicolae_swamp_ascending_descending, layout_basic_swamp,
          serial_swamp_ruin, evilmike_swamp_ruin_house_1,
          evilmike_swamp_ruin_house_3, swamp_pool3, nzn_swamp_dancing_lights,
          infiniplex_staircase_pool_2
Swamp:2:  layout_falls_marsh, evilmike_swamp_ruin_rubble_2, swamp_pool1,
          cheibrodos_swamp_minitomb
Swamp:3:  layout_falls_marsh, evilmike_swamp_ruin_house_5
Swamp:4:  swamp_pestilence, layout_basic_swamp, swamp_pool2,
          nicolae_swamp_alligator_family
Spider:1: layout_spider_delve, nicolae_spider_nook
Spider:2: layout_spider_delve
Spider:3: layout_spider_delve, uniq_arachne
Orc:1:    layout_caves, uniq_maurice
Orc:2:    grunt_orc_community_town_hall, layout_caves,
          grunt_orc_community_big_house_2, grunt_orc_community_big_house_2,
          grunt_orc_community_house_3, grunt_orc_community_house_3,
          grunt_orc_community_house_3, grunt_orc_community_house_3,
          nicolae_shop_self_help
Elf:1:    minmay_elf_arrival_plus, layout_loops_corners, serial_shops, shop,
          hangedman_elven_crosses_minicolossus, uniq_aizul
Vaults:1: hangedman_vaults_variations, dpeg_vaults_waves,
          nicolae_vaults_bisected_exclaves, ontoclasm_vaults_ring_small,
          v_pattern_4, nicolae_vaults_stairing_the_circle, v_alt_pattern_2,
          ontoclasm_vaults_decontamination, ontoclasm_vaults_shuriken,
          nicolae_vaults_circle_grid_a, vaults_mumra_minichess, v_alt_pattern_3,
          ontoclasm_vaults_hangar, nicolae_vaults_hallways_thing,
          layout_vaults_maze_bifur

Skill      XL: |  1  2  3  4  5  6  7  8  9 10 11 12 13 14 15 16 17 |
---------------+----------------------------------------------------+-----
Stealth        | 2 3 4 5 7 8 10 12 14 15 18 20 21 22 | 22.4
Dodging        | 3 4 5 6 7 9 10 12 13 14 15 16 | 16.4
Fighting       | 2 3 4 5 6 7 13 15 16 17 | 17.5
Ranged Weapons | 5 6 7 9 11 12 13 14 15 | 15.4
Armour         | 2 3 5 6 |  6.5

Action                   |  1- 3 |  4- 6 |  7- 9 | 10-12 | 13-15 | 16-18 || total
-------------------------+-------+-------+-------+-------+-------+-------++-------
Melee: Shortbow          |       |       |       |       |     1 |       ||     1
 Fire: Shortbow          |    49 |   200 |   468 |   925 |  1226 |   803 ||  3671
  Use: Scroll            |       |       |     5 |    11 |    14 |     2 ||    32
Armor: Robe              |     1 |     4 |    10 |     2 |    12 |     5 ||    34
Dodge: Dodged            |     4 |    42 |   108 |   132 |   194 |   120 ||   600
Block: Other             |       |       |    15 |    36 |    23 |    22 ||    96
       Reflection        |       |       |     4 |     5 |       |     6 ||    15

Table legend: (Time is in decaauts)
 A = Elapsed time spent in this place.
 B = Non-inter-level travel time spent in this place.
 C = Inter-level travel time spent in this place.
 D = Time resting spent in this place.
 E = Time spent auto-exploring this place.
 F = Levels seen in this place.
 G = Mean time per level.
                   A        B        C        D        E       F      G
               +--------+--------+--------+--------+--------+-----+--------+
         Total |  60695 |  59013 |   1682 |  41586 |  10955 |  31 | 1957.9 |
       Dungeon |  23701 |  22805 |    896 |  13745 |   5791 |  14 | 1692.9 |
        Temple |     67 |     61 |      6 |      0 |     39 |   1 |   67.0 |
          Lair |   9244 |   8803 |    441 |   5290 |   2541 |   5 | 1848.8 |
         Swamp |  16320 |  16167 |    153 |  13949 |   1283 |   4 | 4080.0 |
   Spider Nest |   5596 |   5504 |     92 |   4363 |    608 |   3 | 1865.3 |
  Orcish Mines |   5486 |   5396 |     90 |   4023 |    668 |   2 | 2743.0 |
   Elven Halls |      6 |      6 |      0 |      0 |      0 |   1 |    6.0 |
        Vaults |    273 |    273 |      0 |    213 |     24 |   1 |  273.0 |
               +--------+--------+--------+--------+--------+-----+--------+

Top non-repeatable levels by time:
 Swamp:4: 6656 daAuts
 Swamp:1: 4718 daAuts
    D:14: 4702 daAuts
   Orc:2: 4298 daAuts
     D:9: 4156 daAuts
Spider:1: 3107 daAuts
  Lair:3: 3029 daAuts
     D:7: 2944 daAuts
  Lair:5: 2607 daAuts
 Swamp:3: 2572 daAuts
 Swamp:2: 2372 daAuts
Spider:2: 2011 daAuts
  Lair:4: 1549 daAuts
     D:3: 1499 daAuts
     D:4: 1339 daAuts
